 Dungeon Crawl Stone Soup version 0.27-a0-1529-g1e82c303ef (webtiles) character file.

Game seed: 4388613025213542035

12422 karkarkar the Cleaver (level 11, -1/97 HPs)
             Began as a Minotaur Berserker on July 11, 2021.
             Was an Elder of Trog.
             Slain by a cyclops (25 damage)
             ... on level 11 of the Dungeon on July 12, 2021.
             The game lasted 00:43:44 (12596 turns).

karkarkar the Cleaver (Minotaur Berserker)         Turns: 12596, Time: 00:43:45

Health: -1/97      AC: 17    Str: 24    XL:     11   Next: 62%
Magic:  10/10      EV: 20    Int:  4    God:    Trog [****..]
Gold:   170        SH:  5    Dex: 13    Spells: 10/10 levels left

rFire    . . .     SeeInvis .   L - +10 trident "Facunur" {vamp, rC++ Str+2}
rCold    + + .     Faith    .   (no shield)
rNeg     . . .     Spirit   .   p - +0 steam dragon scales
rPois    .         Reflect  +   (helmet restricted)
rElec    .         Harm     .   c - +0 cloak
rCorr    .         Rampage  .   u - +0 pair of gloves
Will     .....                  D - +2 pair of boots
Stlth    ++........             o - amulet of reflection
HPRegen  0.26/turn              F - +4 ring of evasion
MPRegen  0.12/turn              m - +4 ring of protection

@: studying Long Blades
A: horns 2, retaliatory headbutt
a: Renounce Religion, Berserk, Trog's Hand, Brothers in Arms


You were on level 11 of the Dungeon.
You worshipped Trog.
Trog was greatly pleased with you.
You visited 1 branch of the dungeon, and saw 11 of its levels.
You visited the Abyss 1 time.

You collected 560 gold pieces.
You spent 390 gold pieces at shops.

Inventory:

Hand Weapons
 g - a +6 great sword of freezing
 k - a +0 war axe
 t - a +3 mace of holy wrath
 L - the +10 trident "Facunur" (weapon) {vamp, rC++ Str+2}
   (You took it off a spriggan on level 10 of the Dungeon)

   It inflicts no extra harm, but heals its wielder when it wounds a living foe.
   Str:       It affects your strength (+2).
   rC:        It greatly protects you from cold.
Missiles
 w - 5 boomerangs of dispersal
 J - 7 curare-tipped darts (quivered)
Armour
 c - a +0 cloak (worn)
 p - +0 steam dragon scales (worn)
 u - a +0 pair of gloves (worn)
 D - a +2 pair of boots (worn)
 G - a +1 chain mail of cold resistance
Jewellery
 e - a ring of willpower
 m - a +4 ring of protection (right hand)
 o - an amulet of reflection (around neck)
 F - a +4 ring of evasion (left hand)
 H - a +4 ring of evasion
Wands
 h - a wand of polymorph (16)
 r - a wand of flame (38)
 C - a wand of acid (15)
 E - a wand of digging (10)
 K - a wand of charming (8)
Scrolls
 a - 5 scrolls of noise
 b - a scroll of magic mapping
 f - 6 scrolls of teleportation
 i - 3 scrolls of enchant armour
 j - a scroll of blinking
 l - 2 scrolls of fog
 s - a scroll of torment {unknown}
 y - 2 scrolls of enchant weapon {unknown}
 A - a scroll of silence {unknown}
Potions
 d - 3 potions of haste
 n - 5 potions of curing
 q - 2 potions of flight
 v - 2 potions of might
 x - a potion of heal wounds
 z - 2 potions of mutation
 B - a potion of ambrosia


   Skills:
 + Level 9.4 Fighting
 + Level 11.9 Long Blades
 + Level 12.1 Axes
 + Level 8.7 Armour
 * Level 9.8 Dodging
 + Level 2.3 Stealth
 + Level 4.7 Shields
 + Level 0.7 Evocations


You had 10 spell levels left.
You didn't know any spells.
Your spell library was empty.

Dungeon Overview and Level Annotations

Branches:
Dungeon (11/15)            Temple (0/1) D:7            Lair (0/6) D:8
    Orc (0/2) D:11

Altars:
Kikubaaqudgha

Shops:
D:3 [   D:8 =*[*!   D:9 (

Annotations:
D:9 3 runed translucent doors, dickylongcocking's ghost, journeyman DjFE
D:10 exclusion: orange crystal statue


Innate Abilities, Weirdness & Mutations

You have a pair of horns on your head.
You reflexively headbutt those who attack you in melee.


Message History

You feel a sense of dread.
L - the +10 trident "Facunur" (weapon)
{vamp, rC++ Str+2} Setting a skill training target for Polearms at 14.0.
You drop a +0 trident.
Unknown command.
Okay, then.
Unknown command.
Unknown command.
There is a stone staircase leading down here.
Okay, then.
You climb downwards.
You hear the roar of battle.
There is an entrance to a bailey on this level.
Hurry and find it before the portal closes forever!
There is a stone staircase leading up here.
As you read the scroll of magic mapping, it crumbles to dust.
You feel aware of your surroundings.
You sensed 2 shops/portals.
Unknown command.
Unknown command.
A cyclops comes into view.
The cyclops shouts!
The cyclops throws a large rock.
The large rock hits you!!
The cyclops throws a large rock.
The large rock hits you!!
The cyclops throws a large rock.
The large rock closely misses you.
You puncture the cyclops!
The cyclops is moderately wounded.
The cyclops hits you!
You hit the cyclops.
You headbutt the cyclops, but do no damage.
The cyclops is moderately wounded.
You puncture the cyclops!
The cyclops is severely wounded.
The cyclops hits you!!
* * * LOW HITPOINT WARNING * * *
You are too injured to fight recklessly!
You are too injured to fight recklessly!
Unknown command.
You puncture the cyclops! You headbutt the cyclops.
The cyclops is almost dead.
The cyclops hits you!!
You die...

,*****,** *≈≈* *≈# **,**,≈,,
,,,,,,,,***≈***#≈# *,**,≈≈≈
,*****,,,**≈*,,..## **,**^,,,
,*****,***≈≈*,,...# *,,,*****
,,,,,,,***≈≈*##.#.# *,,,* *
***,,,,,*≈≈**#..#.# *,,,* * *
*,,,,,≈≈≈* #.#*.# *****,,,*****
***,,,,,,≈####.##.###...,,,,,,,,*
,**,,,,,,≈#.....@C......,,,,,,,,,
,,*,,,,,,*#.##.######...,,,,,,,,*
,,*,,,,,,,#,*#.## ****,,,,,****
,,*,,,,,<,,,*#..# *,,,,,**
,,***********##.# *,,,,,,* ,,*
#.# *,,,**+** ,,* #.# *,,,*,,,*
,** #########.# ***,*,8,*
.######.........#**** *,*,,,**


You could see a cyclops.

Vanquished Creatures
  The ghost of ardl the Severer, a journeyman HOBr of Nemelex Xobeh (D:10)
  Fannar (D:10)
  A two-headed ogre (D:9)
  A tengu warrior (D:10)
  An ugly thing (D:7)
  A cyclops (D:10)
  Joseph (D:7)
  An unseen horror (D:10)
  A komodo dragon (D:8)
  A troll (D:7)
  A tengu conjurer (D:10)
  A polar bear (D:10)
  Prince Ribbit (D:5)
  2 spriggans (D:10)
  A wraith (D:7)
  Sigmund (D:2)
  2 vampires
  7 yaks
  2 wyverns
  3 steam dragons
  A water moccasin (D:5)
  An ice beast (D:6)
  2 sky beasts
  4 black bears
  3 orc warriors
  2 necrophages
  An ogre (D:5)
  6 centaurs
  A phantom (D:4)
  A bullfrog (D:9)
  A wyvern zombie (D:5)
  3 scorpions
  A water moccasin zombie (D:5)
  A killer bee (D:10)
  5 wights (D:8)
  3 electric eels (D:8)
  A howler monkey (D:4)
  3 bullfrog zombies
  A centaur zombie (D:9)
  Crazy Yiuf (D:7)
  3 hounds
  A jelly (D:5)
  2 orc priests
  4 bullfrog skeletons
  4 centaur skeletons
  2 iguanas
  Jessica (D:3)
  5 orc wizards
  2 killer bee zombies
  2 hound skeletons (D:4)
  Robin (D:3)
  3 howler monkey zombies
  10 gnolls
  6 adders
  2 white imps
  An adder skeleton (D:4)
  A worm (D:4)
  2 dart slugs (D:3)
  25 orcs
  6 endoplasms
  2 giant cockroaches
  7 hobgoblins
  2 jackals (D:1)
  9 kobolds
  6 quokkas
  7 ball pythons
  7 bats
  2 frilled lizards
  17 goblins
  A kobold zombie (D:7)
  2 rats (D:1)
218 creatures vanquished.

Vanquished Creatures (others)
  A two-headed ogre (D:10)
  Sonja (D:10)
  3 fungi
  14 plants
19 creatures vanquished.

Grand Total: 237 creatures vanquished

Notes
Turn   | Place    | Note
-------+----------+-------------------------------------------
     0 | D:1      | karkarkar the Minotaur Berserker began the quest for the
                  | Orb.
     0 | D:1      | Reached XP level 1. HP: 19/19 MP: 0/0
   374 | D:1      | Reached skill level 4 in Axes
   374 | D:1      | Reached XP level 2. HP: 27/27 MP: 1/1
   954 | D:2      | Noticed an ogre
  1046 | D:2      | Reached XP level 3. HP: 22/33 MP: 2/2
  1411 | D:2      | Noticed Sigmund
  1451 | D:2      | Killed Sigmund
  1452 | D:2      | Reached skill level 5 in Fighting
  1452 | D:2      | Reached skill level 5 in Axes
  1452 | D:2      | Reached XP level 4. HP: 28/42 MP: 3/3
  1452 | D:2      | Reached XP level 5. HP: 32/48 MP: 4/4
  1661 | D:2      | Reached ** piety under Trog
  1776 | D:3      | Noticed Robin
  1789 | D:3      | Killed Robin
  1847 | D:3      | Reached skill level 6 in Axes
  1847 | D:3      | Reached XP level 6. HP: 43/56 MP: 5/5
  1981 | D:3      | Noticed Jessica
  1991 | D:3      | Killed Jessica
  2152 | D:3      | Found Ezilag's Antique Armour Shop.
  2715 | D:4      | Reached *** piety under Trog
  2865 | D:4      | Reached skill level 7 in Axes
  2883 | D:4      | Reached XP level 7. HP: 57/61 MP: 6/6
  3669 | D:5      | Entered Level 5 of the Dungeon
  3847 | D:5      | Reached skill level 5 in Armour
  3995 | D:5      | Reached skill level 8 in Axes
  4168 | D:5      | Noticed Prince Ribbit
  4179 | D:5      | Killed Prince Ribbit
  4180 | D:5      | Reached XP level 8. HP: 67/71 MP: 7/7
  4380 | D:5      | Reached skill level 9 in Axes
  4419 | D:5      | Reached skill level 1 in Shields
  4833 | D:6      | Reached skill level 5 in Dodging
  5159 | D:6      | Reached XP level 9. HP: 71/79 MP: 8/8
  5301 | D:6      | Reached skill level 10 in Axes
  5371 | D:6      | Reached **** piety under Trog
  5637 | D:3      | Bought a pair of runed boots for 180 gold pieces
  5751 | D:7      | Noticed Joseph
  6016 | D:7      | Found a staircase to the Ecumenical Temple.
  6091 | D:7      | Killed Joseph
  6339 | D:7      | Found a sand-covered staircase.
  6392 | D:7      | Noticed a purple ugly thing
  6392 | D:7      | Noticed a troll
  6405 | D:7      | Killed a purple ugly thing
  6406 | D:7      | Reached skill level 11 in Axes
  6406 | D:7      | Reached skill level 1 in Stealth
  6415 | D:7      | Killed a troll
  6428 | D:7      | Reached XP level 10. HP: 59/88 MP: 9/9
  6766 | D:7      | Found a runed translucent door.
  6768 | D:7      | Noticed Crazy Yiuf
  6822 | D:7      | Killed Crazy Yiuf
  6954 | D:8      | Found Pahang's Distillery.
  6958 | D:8      | Bought a potion of curing for 30 gold pieces
  6999 | D:8      | Found Ysoxkodgh's General Store.
  7057 | D:8      | Bought a scroll of blinking for 90 gold pieces
  7182 | D:8      | Found Lastob's Jewellery Boutique.
  7343 | D:8      | Found a staircase to the Lair.
  7384 | D:8      | Found Wofaehuv's General Store.
  7423 | D:8      | Found Mepoasm's Armour Boutique.
  7439 | D:8      | HP: 2/88 [electric eel/bolt of electricity (12)]
  9150 | D:8      | Bought a potion of curing for 30 gold pieces
  9150 | D:8      | Bought a potion of curing for 30 gold pieces
  9150 | D:8      | Bought a potion of curing for 30 gold pieces
  9174 | D:9      | Found Sekhenao's Antique Weapon Emporium.
  9216 | D:9      | Reached skill level 1 in Long Blades
  9218 | D:9      | Reached skill level 12 in Axes
  9436 | D:9      | Found a runed translucent gate.
  9436 | D:9      | Found a runed translucent gate.
  9436 | D:9      | Found a runed translucent gate.
  9438 | D:9      | Noticed dickylongcocking's ghost (journeyman DjFE)
  9556 | D:9      | Noticed a two-headed ogre
  9564 | D:9      | Killed a two-headed ogre
 10139 | D:10     | Entered Level 10 of the Dungeon
 10143 | D:10     | Noticed an orange crystal statue
 10218 | D:10     | Noticed a tengu warrior
 10231 | D:10     | Killed a tengu warrior
 10232 | D:10     | Reached XP level 11. HP: 58/95 MP: 10/10
 10336 | D:10     | Noticed a two-headed ogre
 10348 | D:10     | Noticed Sonja
 10360 | D:10     | Killed a two-headed ogre
 10361 | D:10     | Reached skill level 10 in Long Blades
 10644 | D:10     | Cast into level 2 of the Abyss (Sonja)
 10671 | D:10     | Escaped the Abyss
 10718 | D:10     | Killed Sonja
 10953 | D:10     | Found an ancient bone altar of Kikubaaqudgha.
 11462 | D:10     | Noticed Fannar
 11506 | D:10     | Killed Fannar
 11858 | D:10     | Found a runed translucent door.
 11859 | D:10     | Noticed ardl's ghost (journeyman HOBr)
 11860 | D:10     | Identified the +10 trident "Facunur" {vamp, rC++ Str+2}
 12329 | D:10     | Killed ardl's ghost
 12596 | D:11     | Slain by a cyclops

Illustrated notes

Levels and vault maps discovered:
D:1:      minmay_arrival_nine_rooms, layout_basic
D:2:      layout_rooms, uniq_sigmund
D:3:      layout_loops_ring, serial_shops, nicolae_shop_stone,
          minmay_misc_feat_alley, minmay_misc_feat_roman, minmay_vboxes,
          uniq_robin, uniq_jessica
D:4:      layout_basic
D:5:      layout_cave_pools, uniq_prince_ribbit1
D:6:      layout_gridville
D:7:      layout_rooms, minmay_temple_entry_stoned_glass, enter_ossuary_3,
          minmay_manual_moon, uniq_crazy_yiuf_cottage, uniq_joseph
D:8:      layout_basic, david_lair_shrubbed, serial_shops, shop,
          nicolae_inconvenience_store, shop, shop, shop_coins,
          columned_hall_lemuel, minivault_5, grunt_ministairs_10
D:9:      layout_big_octagon, serial_shops, shop, gammafunk_ghost_spectres,
          kennysheep_doodads
D:10:     minmay_angry_zag, layout_layer_cave, mainiacjoe_overflow_alcove_4,
          ebering_ghost_funeral_grove, minivault_16, uniq_sonja, uniq_fannar
D:11:     layout_loops_cross, hiddenorc2_lemuel, serial_shops,
          nicolae_shop_temple_entry_statues_fountains, enter_bailey_5,
          chequers_serial_rivers_large_b, grunt_potential

Skill      XL: |  1  2  3  4  5  6  7  8  9 10 11 |
---------------+----------------------------------+-----
Axes           | 4 5 6 7 8 9 11 12 | 12.1
Fighting       | 4 5 6 7 8 9 |  9.4
Armour         | 3 4 5 6 7 8 |  8.7
Dodging        | 4 5 6 8 9 |  9.8
Shields        | 1 3 4 |  4.7
Stealth        | 1 2 |  2.3
Long Blades    | 9 11 | 11.9
Evocations     | |  0.7

Action                   |  1- 3 |  4- 6 |  7- 9 | 10-12 || total
-------------------------+-------+-------+-------+-------++-------
Melee: Hand axe          |    74 |    68 |       |       ||   142
       Headbutt          |     6 |    30 |    56 |    65 ||   157
       War axe           |       |    51 |   239 |   101 ||   391
       Great sword       |       |       |       |   122 ||   122
       Trident           |       |       |       |     4 ||     4
Invok: Berserk           |     1 |       |       |       ||     1
       Trog's Hand       |       |     2 |     3 |     6 ||    11
Evoke: Wand              |       |       |       |     6 ||     6
  Use: Scroll            |     2 |     4 |     2 |     8 ||    16
 Stab: Sleeping          |       |       |       |     3 ||     3
Armor: Animal skin       |     2 |       |       |       ||     2
       Chain mail        |    22 |    60 |   184 |    46 ||   312
       Steam dragon scal |       |       |       |   114 ||   114
Dodge: Dodged            |    40 |    47 |   116 |   198 ||   401
Block: Other             |       |       |    53 |    62 ||   115
       Reflection        |       |       |     5 |     2 ||     7
       Rpst.: Great sword |       |       |       |    29 ||    29

Table legend: (Time is in decaauts)
 A = Elapsed time spent in this place.
 B = Non-inter-level travel time spent in this place.
 C = Inter-level travel time spent in this place.
 D = Time resting spent in this place.
 E = Time spent auto-exploring this place.
 F = Levels seen in this place.
 G = Mean time per level.
                   A        B        C        D        E       F      G
               +--------+--------+--------+--------+--------+-----+--------+
         Total |  12668 |  12273 |    395 |   2027 |   7842 |  12 | 1055.7 |
       Dungeon |  12641 |  12246 |    395 |   2027 |   7842 |  11 | 1149.2 |
         Abyss |     26 |     26 |      0 |      0 |      0 |   1 |   26.0 |
               +--------+--------+--------+--------+--------+-----+--------+

Top non-repeatable levels by time:
     D:8: 2217 daAuts
    D:10: 2161 daAuts
     D:9: 1245 daAuts
     D:4: 1189 daAuts
     D:6: 1163 daAuts
     D:1: 984 daAuts
     D:3: 982 daAuts
     D:7: 948 daAuts
     D:5: 938 daAuts
     D:2: 782 daAuts
    D:11: 28 daAuts
 Abyss:2: 26 daAuts
